 Dungeon Crawl Stone Soup version 0.28-a0-1518-gbe868bca14 (webtiles) character file.

Game seed: 7340025163899590272

4055 Nattfarinn the Protected (level 10, -10/88 HPs)
             Began as a Hill Orc Fighter on Jan 17, 2022.
             Was an Elder of Okawaru.
             Mangled by Erolcha (18 damage)
             ... on level 9 of the Dungeon.
             The game lasted 00:12:59 (10007 turns).

Nattfarinn the Protected (Hill Orc Fighter)        Turns: 10007, Time: 00:13:00

Health: -10/88     AC: 23    Str: 24    XL:     10   Next: 25%
Magic:  8/10       EV: 13    Int:  8    God:    Okawaru [****..]
Gold:   424        SH:  8    Dex: 14    Spells: 9/9 levels left

rFire   . . .      SeeInvis .   a - +0 war axe
rCold   x . .      Faith    .   c - +0 buckler
rNeg    . . .      Spirit   .   l - +9 ring mail "Kolloade" {rC- Dex+4}
rPois   +          Reflect  .   (no helmet)
rElec   .          Harm     .   (no cloak)
rCorr   .          Rampage  .   v - +0 pair of gloves
Will    .....                   (no boots)
Stlth   ++........              (no amulet)
HPRegen 0.24/turn               f - +4 ring of protection
MPRegen 0.12/turn               p - ring of poison resistance

@: mighty, heroic
A: no striking features
a: Renounce Religion, Heroism, Finesse


You were on level 9 of the Dungeon.
You worshipped Okawaru.
Okawaru was greatly pleased with you.
You visited 2 branches of the dungeon, and saw 10 of its levels.

You collected 424 gold pieces.

Inventory:

Hand Weapons
 a - a +0 war axe (weapon)
 i - a +4 whip of electrocution
Missiles
 r - 2 throwing nets (quivered)
Armour
 b - a +0 scale mail
 c - a +0 buckler (worn)
 l - the +9 ring mail "Kolloade" (worn) {rC- Dex+4}
   (You found it on level 5 of the Dungeon)

   Dex:       It affects your dexterity (+4).
   rC:        It makes you vulnerable to cold.
 v - a +0 pair of gloves (worn)
Jewellery
 f - a +4 ring of protection (left hand)
 p - a ring of poison resistance (right hand)
Wands
 h - a wand of mindburst (10)
 s - a wand of acid (9)
 A - a wand of flame (2)
 C - a wand of iceblast (4)
Scrolls
 e - a scroll of fear
 g - 2 scrolls of fog
 k - 2 scrolls of teleportation
 o - a scroll of magic mapping
 t - a scroll of vulnerability
 x - a scroll of summoning
 y - a scroll of enchant armour {unknown}
 B - a scroll of blinking {unknown}
 D - a scroll of silence {unknown}
 E - a scroll of amnesia {unknown}
 F - a scroll of identify
Potions
 d - a potion of resistance
 j - 2 potions of brilliance
 n - a potion of flight {unknown}
 q - a potion of mutation {unknown}
 z - a potion of lignification {unknown}


   Skills:
 + Level 7.9(12.9) Fighting
 + Level 8.1(13.1) Axes
 * Level 9.9(14.9) Armour
 * Level 9.8(14.8) Shields


You had 9 spell levels left.
You didn't know any spells.
Your spell library contained the following spells:

 Spells                   Type           Power      Damage    Failure   Level
 Beastly Appendage        Tmut           0%         N/A       56%         1
 Ensorcelled Hibernation  Hex/Ice        0%         N/A       71%         2
 Wereblood                Tmut           0%         N/A       71%         2
 Spider Form              Tmut/Pois      0%         N/A       90%         3
 Anguish                  Hex/Necr       0%         N/A       100%        4
 Fulminant Prism          Conj/Hex       0%         3d6       100%        4
 Iskenderun's Mystic Bla  Conj/Tloc      0%         2d3       100%        4
 Lee's Rapid Deconstruct  Erth           0%         3d5*      100%        5
 Summon Small Mammal      Summ           Unusable   N/A       N/A         1
 Call Canine Familiar     Summ           Unusable   N/A       N/A         3
 Summon Guardian Golem    Hex/Summ       Unusable   N/A       N/A         3

Dungeon Overview and Level Annotations

Branches:
Dungeon (9/15)             Temple (1/1) D:5
   Lair: D:8-11         Orc: D:9-12

Altars:
Ashenzari
Cheibriados
Dithmenos
Elyvilon
Fedhas
Gozag
Hepliaklqana
Kikubaaqudgha
Nemelex Xobeh
Okawaru
Qazlal
Ru
Sif Muna
Trog
Uskayaw
Vehumet
Wu Jian
Xom
Yredelemnul
Zin
The Shining One

Shops:
D:3 (   D:6 (

Annotations:
D:4 3 runed translucent doors, Longtemps's ghost, amateur OpFE
D:7 2 transporters, exclusion: 2 ice statues, Strykforce's ghost, novice GrCj
D:9 Erolcha


Message History

Erolcha the Cunning comes into view.
She is wielding a +0 giant spiked club.
Erolcha shouts!
Unknown command.
Unknown command.
Aiming: Mindburst
Press: ? - help, Shift-Dir - straight line, f - Erolcha
Aim: Erolcha, wielding a +0 giant spiked club and wearing a +0 robe (chance to affect: 29%) Erolcha easily resists.
Aiming: Corrosive Bolt
Press: ? - help, Shift-Dir - straight line, f/p - Erolcha
Aim: Erolcha, wielding a +0 giant spiked club and wearing a +0 robe (83% to hit)
The bolt of acid hits Erolcha!
The acid corrodes Erolcha!
Erolcha is lightly wounded.
Found a book of Necromancy and 14 stones.
Aiming: Corrosive Bolt
Press: ? - help, Shift-Dir - straight line, f/p - Erolcha
Aim: Erolcha, wielding a +0 giant spiked club and wearing a +0 robe (lightly wounded, covered in acid, 83% to hit)
The bolt of acid hits Erolcha!
Erolcha seems to be corroded for longer.
Erolcha is heavily wounded.
Erolcha gestures wildly while chanting.
Erolcha flickers and vanishes!
Deactivating autopickup; reactivate with Ctrl-A.
Aiming: Corrosive Bolt
Press: ? - help, Shift-Dir - straight line Something hits you but does no damage.
Aiming: Corrosive Bolt
Press: ? - help, Shift-Dir - straight line Something hits you!!
You barely miss something. Something hits you!
You hit something. Something completely misses you.
You slash something! Something hits you!
You closely miss something. Something hits you.
You feel very mighty all of a sudden. Something hits you!
You gain the combat prowess of a mighty hero.
Something hits you!!
* * * LOW HITPOINT WARNING * * *
You feel better. Something hits you!!
You die...

#.............#
#.............#
#.............#
#.............#
#.............#
#....#.#......#
#....._...
#....#.#..:
#..@{......
#..........
###......##
#......#
#......#
#......#
#......#
#(.....#


There were no monsters in sight!

Vanquished Creatures
  A two-headed ogre (D:7)
  Pikel (D:6)
  Grinder (D:5)
  A wyvern (D:8)
  Eustachio (D:5)
  3 water moccasins
  An orc warrior (D:8)
  2 ice beasts
  An ogre (D:5)
  A necrophage (D:5)
  2 centaurs
  A kobold brigand (D:8)
  2 bullfrogs (D:6)
  A wyvern skeleton (D:7)
  5 wights (D:6)
  An electric eel (D:6)
  A bullfrog zombie (D:7)
  3 bullfrog skeletons
  A hound (D:6)
  5 orc priests
  3 centaur skeletons
  A gnoll shaman (D:6)
  3 iguanas
  3 jellies
  8 orc wizards
  A killer bee zombie (D:7)
  12 gnolls
  A howler monkey skeleton (D:6)
  8 adders
  A shadow imp (D:6)
  A white imp (D:8)
  2 worms (D:2)
  27 orcs
  9 endoplasms
  4 giant cockroaches
  9 goblins
  3 quokkas
  6 ball pythons
  6 bats
  3 frilled lizards
  8 kobolds
  9 rats
  A spectral orc (D:5)
164 creatures vanquished.

Vanquished Creatures (others)
  An orc wizard (D:7)
  2 fungi (D:9)
  2 plants (D:5)
5 creatures vanquished.

Grand Total: 169 creatures vanquished

Notes
Turn   | Place    | Note
-------+----------+-------------------------------------------
     0 | D:1      | Nattfarinn the Hill Orc Fighter began the quest for the
                  | Orb.
     0 | D:1      | Reached XP level 1. HP: 19/19 MP: 1/1
   156 | D:1      | Reached XP level 2. HP: 22/27 MP: 2/2
   729 | D:1      | Found a faded altar of an unknown god.
   774 | D:2      | Reached XP level 3. HP: 33/33 MP: 3/3
   794 | D:2      | Found a snail-covered altar of Cheibriados.
  1119 | D:2      | Reached XP level 4. HP: 8/40 MP: 4/4
  1938 | D:3      | Found a hide-covered altar of Uskayaw.
  1939 | D:3      | Noticed a water moccasin
  1946 | D:3      | Killed a water moccasin
  1947 | D:3      | Reached XP level 5. HP: 40/47 MP: 5/5
  2312 | D:3      | Noticed a centaur
  2320 | D:3      | Killed a centaur
  2321 | D:3      | Reached skill level 5 in Armour
  2321 | D:3      | Reached skill level 5 in Shields
  2321 | D:3      | Reached XP level 6. HP: 30/53 MP: 6/6
  2640 | D:3      | Found an ancient bone altar of Kikubaaqudgha.
  2808 | D:3      | Found Muxziorgh's Weapon Shop.
  3715 | D:4      | Reached XP level 7. HP: 52/60 MP: 7/7
  3721 | D:4      | Reached skill level 5 in Fighting
  4046 | D:4      | Found a runed translucent gate.
  4047 | D:4      | Found a runed translucent gate.
  4054 | D:4      | Found a runed translucent gate.
  4055 | D:4      | Noticed Longtemps's ghost (amateur OpFE)
  4201 | D:5      | Entered Level 5 of the Dungeon
  4414 | D:5      | Found a staircase to the Ecumenical Temple.
  4424 | Temple   | Entered the Ecumenical Temple
  4528 | Temple   | Became a worshipper of Warmaster Okawaru
  4569 | D:5      | Noticed Grinder
  4584 | D:5      | Killed Grinder
  4585 | D:5      | Reached skill level 5 in Axes
  5314 | D:5      | Reached * piety under Okawaru
  5315 | D:5      | Reached XP level 8. HP: 54/69 MP: 8/8
  5458 | D:5      | Noticed Eustachio
  5463 | D:5      | Killed Eustachio
  5514 | D:5      | Identified the +9 ring mail "Kolloade" {rC- Dex+4}
  5797 | D:5      | Found a hazy altar of Hepliaklqana.
  5930 | D:6      | Found Foemiybu's Weapon Shop.
  6021 | D:6      | Noticed Pikel
  6036 | D:6      | Killed Pikel
  6036 | D:6      | Reached ** piety under Okawaru
  6037 | D:6      | Reached XP level 9. HP: 50/78 MP: 9/9
  6436 | D:6      | Reached *** piety under Okawaru
  7102 | D:7      | Noticed an ice statue
  7108 | D:7      | Found a transporter.
  7115 | D:7      | Noticed a two-headed ogre
  7381 | D:7      | Noticed a two-headed ogre
  7393 | D:7      | Killed a two-headed ogre
  7393 | D:7      | Reached **** piety under Okawaru
  7394 | D:7      | Reached XP level 10. HP: 72/86 MP: 10/10
  7992 | D:7      | Found a transporter.
  8014 | D:7      | Noticed Strykforce's ghost (novice GrCj)
  8020 | D:7      | Noticed an ice statue
  9107 | D:8      | Found an ornate altar of the Wu Jian Council.
  9986 | D:9      | Found a basalt altar of Yredelemnul.
  9994 | D:9      | Noticed Erolcha
 10006 | D:9      | HP: 3/88 [something (26)]
 10007 | D:9      | Mangled by Erolcha

Illustrated notes

Levels and vault maps discovered:
D:1:      roderic_crossed_star, layout_loops_ring, basic_ecumenical_altar,
          chequers_serial_rivers_small_a
D:2:      layout_rooms, basic_altar
D:3:      layout_loops_corners, mainiacjoe_overflow_chevrons,
          general_overflow_altar, serial_co_window_serial, co_window_paths_a,
          co_window_paths_b, co_window_paths_b, co_window_corner_a,
          co_window_paths_a, co_window_corner_a, co_window_corner_a,
          co_window_2corner, co_window_unsneaky_path_c, co_window_corner_b,
          co_window_broadway_a, co_window_paths_c, co_window_corner_ca,
          co_window_of_opportunity_b, co_window_paths_e, glass_columns_a,
          glass_columns_a, glass_columns_a, serial_shops,
          nicolae_shop_waterfront
D:4:      layout_cave_pools, gammafunk_ghost_necromancy
D:5:      layout_loops_ring, nicolae_hepliaklqana_monster_ancestors,
          minmay_temple_entry_overgrown, minmay_misc_feat_tiny, uniq_eustachio,
          uniq_grinder
D:6:      layout_loops_cross, serial_shops, nicolae_shop_behind_doors,
          nicolae_water_bricks, uniq_pikel
D:7:      layout_layer_cave, nzn_ghost_randoct, kennysheep_nondescript
D:8:      layout_layer_cave, mainiacjoe_overflow_cross_hatched
D:9:      layout_long_grid, mainiacjoe_overflow_boulevard, lemuel_crystal_altar,
          minmay_guarded_unrand_finisher, uniq_erolcha
Temple:   regret_index_temple_sphere_string

Skill      XL: |  1  2  3  4  5  6  7  8  9 10 |
---------------+-------------------------------+-----
Axes           | 3 4 5 6 7 8 |  8.1
Fighting       | 4 5 6 7 |  7.9
Shields        | 4 5 6 8 9 |  9.8
Armour         | 4 5 6 8 9 |  9.9

Action                   |  1- 3 |  4- 6 |  7- 9 | 10-12 || total
-------------------------+-------+-------+-------+-------++-------
Melee: War axe           |    92 |   144 |   265 |   113 ||   614
Invok: Heroism           |       |       |       |     1 ||     1
Evoke: Wand              |       |       |    13 |     5 ||    18
  Use: Potion            |     1 |     2 |     4 |     4 ||    11
       Scroll            |       |       |     8 |     2 ||    10
Armor: Scale mail        |    47 |    77 |    44 |       ||   168
       Ring mail         |       |       |    90 |    73 ||   163
Dodge: Dodged            |    45 |    81 |   118 |    53 ||   297
Block: Buckler           |    18 |    29 |    59 |    36 ||   142

Table legend: (Time is in decaauts)
 A = Elapsed time spent in this place.
 B = Non-inter-level travel time spent in this place.
 C = Inter-level travel time spent in this place.
 D = Time resting spent in this place.
 E = Time spent auto-exploring this place.
 F = Levels seen in this place.
 G = Mean time per level.
                   A        B        C        D        E       F      G
               +--------+--------+--------+--------+--------+-----+--------+
         Total |  10189 |   9856 |    333 |   1285 |   7082 |  10 | 1018.9 |
       Dungeon |  10063 |   9757 |    306 |   1285 |   6997 |   9 | 1118.1 |
        Temple |    126 |     99 |     27 |      0 |     85 |   1 |  126.0 |
               +--------+--------+--------+--------+--------+-----+--------+

Top non-repeatable levels by time:
     D:8: 1734 daAuts
     D:3: 1571 daAuts
     D:6: 1269 daAuts
     D:5: 1247 daAuts
     D:7: 1162 daAuts
     D:4: 1139 daAuts
     D:2: 1062 daAuts
     D:1: 790 daAuts
  Temple: 126 daAuts
     D:9: 84 daAuts
